 Dungeon Crawl Stone Soup version 0.28.0-43-g3370ac3207 (webtiles) character file.

Game seed: 3122685511242877451

410 H0rd4k the Magician (level 6, -4/33 HPs)
             Began as a Deep Elf Hedge Wizard on Mar 24, 2022.
             Slain by a gnoll
             ... wielding a +0 halberd
              (8 damage)
             ... on level 4 of the Dungeon.
             The game lasted 00:05:02 (4896 turns).

H0rd4k the Magician (Deep Elf Hedge Wizard)         Turns: 4896, Time: 00:05:03

Health: -4/33      AC:  2    Str:  7    XL:     6   Next: 58%
Magic:  9/18       EV: 13    Int: 21    God:
Gold:   117        SH:  0    Dex: 14    Spells: 10/19 levels left

rFire   + . .      SeeInvis .   f - staff of fire
rCold   . . .      Faith    .   (no shield)
rNeg    . . .      Spirit   .   b - +0 robe
rPois   .          Reflect  .   c - +0 hat
rElec   .          Harm     .   (no cloak)
rCorr   .          Rampage  .   (no gloves)
Will    .....                   (no boots)
Stlth   ++........              m - amulet of regeneration
HPRegen 0.91/turn               (no ring)
MPRegen 0.16/turn               (no ring)

@: very slightly contaminated
A: no striking features
a: no special abilities


You were on level 4 of the Dungeon.
You visited 1 branch of the dungeon, and saw 4 of its levels.

You collected 117 gold pieces.

Inventory:

Hand Weapons
 i - a +2 short sword of venom
Armour
 b - a +0 robe (worn)
 c - a +0 hat (worn)
Magical Staves
 f - a staff of fire (weapon)
Jewellery
 m - an amulet of regeneration (around neck)
Scrolls
 a - 4 scrolls of summoning {unknown}
 e - a scroll of vulnerability {unknown}
 g - a scroll of noise {unknown}
 h - a scroll of fog {unknown}
 j - 2 scrolls of identify {unknown}
 l - a scroll of teleportation {unknown}
Potions
 d - a potion of curing {unknown}
 k - a potion of cancellation {unknown}
 n - a potion of magic {unknown}
 o - a potion of mutation {unknown}
 p - a potion of resistance {unknown}


   Skills:
 + Level 0.4 Fighting
 + Level 3.3 Dodging
 - Level 2.4 Stealth
 + Level 7.3 Spellcasting
 + Level 4.1 Conjurations
 + Level 1.1 Summonings
 + Level 1.2 Translocations
 + Level 1.2 Fire Magic
 + Level 1.0 Air Magic
 + Level 1.5 Poison Magic


You had 10 spell levels left.
You knew the following spells:

 Your Spells              Type           Power      Damage    Failure   Level
a - Magic Dart            Conj           100%       1d8       1%          1
b - Blink                 Tloc           24%        N/A       8%          2
c - Conjure Flame         Conj/Fire      28%        6-21      9%          3
d - Mephitic Cloud        Conj/Pois/Air  17%        N/A       10%         3

Your spell library contained the following spells:

 Spells                   Type           Power      Damage    Failure   Level
 Slow                     Hex            28%        N/A       9%          1
 Call Imp                 Summ           12%        N/A       9%          2
 Dazzling Flash           Conj/Hex       32%        N/A       11%         3
 Silence                  Hex/Air        4%         N/A       88%         5
 Agony                    Necr           7%         N/A       93%         5


Dungeon Overview and Level Annotations

Branches:
Dungeon (4/15)
 Temple: D:4-7

Altars:

Shops:
D:1 *(?[[

Annotations:
D:2 1 runed translucent door, exclusion: door, Crazy Yiuf
D:3 exclusion: 2 downstairs


Message History

The stinking cloud engulfs the gnoll but does no damage.
The gnoll is heavily wounded.
You hear a shout!
The gnoll is engulfed in noxious fumes.
The gnoll appears confused.
The magic dart hits the gnoll but does no damage.
The gnoll is heavily wounded.
The gnoll is engulfed in noxious fumes.
The gnoll appears confused.
The gnoll hits the gnoll with a +0 spear.
The gnoll is engulfed in noxious fumes.
The gnoll appears confused.
The gnoll barely misses the gnoll.
The magic dart hits the gnoll.
The gnoll is lightly wounded.
The gnoll is engulfed in noxious fumes.
The gnoll appears confused.
The gnoll is engulfed in noxious fumes.
The gnoll appears confused.
The magic dart hits the gnoll.
The gnoll is heavily wounded.
The gnoll drinks a potion.
The gnoll goes berserk!
The gnoll is engulfed in noxious fumes.
The gnoll appears confused.
The magic dart hits the gnoll.
The gnoll is severely wounded.
The gnoll closely misses you.
The magic dart hits the gnoll.
The gnoll is almost dead.
The gnoll hits you from afar with a +0 halberd!
The gnoll barely misses you.
You miscast Magic Dart.
You are very lightly contaminated with residual magic.
Nothing appears to happen.
The gnoll hits you from afar with a +0 halberd!
You are too injured to fight recklessly!
You are too injured to fight recklessly!
Unknown command.
The gnoll rages.
The gnoll hits you from afar with a +0 halberd!
* * * LOW HITPOINT WARNING * * *
The gnoll hits the gnoll with a +0 whip.
The gnoll is killed!
There is a stone staircase leading up, spattered with blood here.
The gnoll hits you from afar with a +0 halberd!
You die...

♣.).....##
P....♣.......##
...♣.♣.g##....#
...
..♣..)##..## ..
..♣....##..# .
.. ♣.....#.##
.#..♣.....g..#
♣......))##
♣##....@.#
.♣........#
♣......)..#
...........#
.#.......###
........#
#.......#
##[.#.### #####


You could see 2 gnolls.

Vanquished Creatures
  An ogre (D:4)
  A gnoll sergeant (D:3)
  A bullfrog zombie (D:3)
  3 hound skeletons (D:4)
  12 gnolls
  2 adders
  2 dart slugs
  An orc (D:3)
  4 endoplasms
  3 giant cockroaches
  4 goblins
  5 hobgoblins
  5 kobolds
  3 quokkas
  7 ball pythons
  8 bats
  5 frilled lizards
  4 rats
71 creatures vanquished.

Vanquished Creatures (others)
  54 plants
54 creatures vanquished.

Grand Total: 125 creatures vanquished

Notes
Turn   | Place    | Note
-------+----------+-------------------------------------------
     0 | D:1      | H0rd4k the Deep Elf Hedge Wizard began the quest for the
                  | Orb.
     0 | D:1      | Reached XP level 1. HP: 10/10 MP: 7/7
   284 | D:1      | Reached XP level 2. HP: 15/15 MP: 1/9
   388 | D:1      | Found Odow's Armour Shoppe.
   403 | D:1      | Reached skill level 5 in Spellcasting
   465 | D:1      | Found Paib's Magic Scroll Shop.
   507 | D:1      | You fall into a shaft and drop 1 floor!
   833 | D:2      | Reached XP level 3. HP: 9/19 MP: 4/11
  1383 | D:2      | Found a runed translucent door.
  1384 | D:2      | Noticed Crazy Yiuf
  1587 | D:1      | Found a faded altar of an unknown god.
  1594 | D:1      | Got Plato's Volume of Combat Magic
  2065 | D:1      | Found Ning's Weapon Emporium.
  2117 | D:1      | Found Izaunabi's Armour Boutique.
  2428 | D:1      | Found Pugust's General Store.
  2521 | D:1      | Learned a level 2 spell: Blink
  2525 | D:1      | Learned a level 3 spell: Conjure Flame
  2529 | D:1      | Learned a level 3 spell: Mephitic Cloud
  3121 | D:3      | Reached XP level 4. HP: 24/24 MP: 10/13
  3289 | D:3      | Noticed a gnoll sergeant
  3311 | D:3      | Killed a gnoll sergeant
  3312 | D:3      | Reached skill level 6 in Spellcasting
  3312 | D:3      | Reached skill level 1 in Fire Magic
  3312 | D:3      | Reached skill level 1 in Air Magic
  3312 | D:3      | Reached skill level 1 in Poison Magic
  3312 | D:3      | Reached XP level 5. HP: 28/28 MP: 4/15
  4380 | D:4      | Reached XP level 6. HP: 32/32 MP: 4/17
  4514 | D:4      | Reached skill level 7 in Spellcasting
  4896 | D:4      | Slain by a gnoll

Illustrated notes

Levels and vault maps discovered:
D:1:      dpeg_arrival_arbitrary_b, layout_basic,
          shapermc_ecumenical_altar_rom_forum, serial_shops, shop_statue, shop,
          shop_fountains, nicolae_square_shop, shop_fountains, grunt_decor_cap,
          st_stairs_12
D:2:      layout_loops_cross, uniq_crazy_yiuf_cottage
D:3:      layout_basic
D:4:      wad_woods_settlement, layout_cave_pools,
          minmay_temple_entry_statues_pillars

Skill      XL: |  1  2  3  4  5  6 |
---------------+-------------------+-----
Spellcasting   | 5 6 7 |  7.3
Dodging        | 3 |  3.3
Conjurations   | 2 3 4 |  4.1
Fire Magic     | 1 |  1.2
Air Magic      | 1 |  1.0
Poison Magic   | 1 |  1.5
Fighting       | |  0.4
Stealth        | |  2.4
Summonings     | |  1.1
Translocations | |  1.2

Action                   |  1- 3 |  4- 6 || total
-------------------------+-------+-------++-------
Melee: Dagger            |     4 |       ||     4
 Cast: Magic Dart        |   112 |   129 ||   241
       Conjure Flame     |     1 |     1 ||     2
       Mephitic Cloud    |       |     4 ||     4
  Use: Potion            |     1 |       ||     1
Armor: Robe              |     7 |     5 ||    12
Dodge: Dodged            |    24 |    31 ||    55
